 Dungeon Crawl Stone Soup version 0.22-a0-439-gac93bac (webtiles) character file.

10411 xccam the Transmogrifier (level 11, 0/75 (78) HPs)
             Began as a Black Draconian Transmuter on May 29, 2018.
             Was a High Priest of Okawaru.
             Slain by a hippogriff (8 damage)
             ... on level 11 of the Dungeon.
             The game lasted 00:39:18 (10754 turns).

xccam the Transmogrifier (DrTm)                    Turns: 10754, Time: 00:39:19

HP:   0/75 (78)     AC:  7    Str: 12    XL:     11   Next: 35%
MP:   18/24         EV: 18    Int: 15    God:    Okawaru [*****.]
Gold: 259           SH:  0    Dex: 14    Spells: 21/29 levels left

rFire    + . .     SeeInvis .     - Unarmed
rCold    . . .     Gourm    .   (shield currently unavailable)
rNeg     . . .     Faith    .   (armour unavailable)
rPois    .         Spirit   .   (helmet restricted)
rElec    +         Reflect  .   f - scarf {repulsion}
rCorr    .         Harm     .   (gloves currently unavailable)
MR       .....                  (no boots)
Stlth    ++++......             d - amulet of regeneration
HPRegen  0.62/turn              e - ring of stealth
MPRegen  0.19/turn              k - ring of protection from fire

@: short of breath, blade hands, heroism, repel missiles
A: breathe lightning, unfitting armour, electricity resistance, cold-blooded, AC
+7
a: Breathe Lightning, End Transformation, Heroism, Finesse, Renounce Religion


You were on level 11 of the Dungeon.
You worshipped Okawaru.
Okawaru was extremely pleased with you.
You were hungry.
You had blades for hands.
You visited 2 branches of the dungeon, and saw 12 of its levels.

You collected 575 gold pieces.
You spent 316 gold pieces at shops.

Inventory:

Missiles
 a - 105 arrows
 q - 22 tomahawks (quivered)
Armour
 f - a scarf of repulsion (worn)
 l - a +0 buckler
Magical Staves
 i - an uncursed staff of fire
Jewellery
 d - an amulet of regeneration (around neck)
 e - a ring of stealth (left scythe-like blade)
 g - an uncursed amulet of harm {unknown}
 h - an uncursed ring of fire
 k - a ring of protection from fire (right scythe-like blade)
 B - a +3 amulet of reflection {unknown}
 C - the ring of Giwiratu {+Inv rPois rC+, unknown}
   (You found it on level 10 of the Dungeon)

   [ring of protection from cold]

   It protects you from cold.
   It protects you from poison.
   It lets you turn invisible.
Wands
 y - a wand of flame (60)
 z - a wand of digging (5)
 A - a wand of acid (8)
Scrolls
 b - 4 scrolls of teleportation
 m - 4 scrolls of remove curse
 o - 2 scrolls of magic mapping
 t - 4 scrolls of amnesia
 v - a scroll of vulnerability {unknown}
 w - a scroll of fog {unknown}
 D - 2 scrolls of torment {unknown}
 F - a scroll of acquirement {unknown}
Potions
 j - a potion of mutation {unknown}
 n - 2 potions of brilliance
 p - a potion of flight {unknown}
 r - a potion of magic
 s - a potion of agility {unknown}
 u - a potion of invisibility {unknown}
 x - 3 potions of curing
Comestibles
 c - 9 rations


   Skills:
 - Level 1.4(6.4) Fighting
 * Level 3.9(8.9) Dodging
 - Level 0.3(5.3) Stealth
 - Level 9.3(14.3) Unarmed Combat
 + Level 9.9 Spellcasting
 + Level 11.0 Transmutations
 + Level 1.3 Invocations


You had 21 spell levels left.
You knew the following spells:

 Your Spells              Type           Power        Failure   Level  Hunger
a - Beastly Appendage     Tmut           #####.       7%          1    None
b - Sticks to Snakes      Tmut           #####...     8%          2    None
c - Blade Hands           Tmut           #####.....   26%         5    #####..

Your spell library contained the following spells:

 Spells                   Type           Power        Failure   Level  Hunger
 Cause Fear               Hex            #.........   95%         4    ###....
 Magic Dart               Conj           #...         45%         1    None
 Fireball                 Conj/Fire      #.........   99%         5    #####..
 Conjure Flame            Conj/Fire      #.......     73%         3    #......
 Bolt of Fire             Conj/Fire      #.........   100%        6    ######.
 Slow                     Hex            #.......     56%         2    None
 Mephitic Cloud           Conj/Pois/Air  #.......     73%         3    #......
 Ring of Flames           Chrm/Fire      #.........   100%        7    #######
 Blink                    Tloc           N/A          56%         2    None
 Call Imp                 Summ           #.......     56%         2    None
 Stone Arrow              Conj/Erth      #.....       73%         3    #......
 Spider Form              Tmut/Pois      ###.......   26%         3    #......
 Ice Form                 Ice/Tmut       ###.....     45%         4    ###....
 Deflect Missiles         Chrm/Air       #.........   100%        6    ######.
 Passwall                 Tmut/Erth      ###.....     19%         2    None
 Ignite Poison            Fire/Tmut/Pois ###.....     36%         3    #......
 Silence                  Hex/Air        #.........   99%         5    #####..
 Lee's Rapid Deconstruct  Erth           #.........   99%         5    #####..
 Sandblast                Erth           #.....       45%         1    None
 Petrify                  Tmut/Erth      ###.....     45%         4    ###....
 Discord                  Hex            #.........   100%        8    #######
 Yara's Violent Unravell  Hex/Tmut       ###.......   71%         5    #####..
 Ignition                 Fire           #.........   100%        8    #######


Dungeon Overview and Level Annotations

Branches:
Dungeon (11/15)            Temple (1/1) D:5            Lair (0/6) D:9
    Orc (0/2) D:9

Altars:
Ashenzari
Cheibriados
Dithmenos
Elyvilon
Fedhas
Gozag
Hepliaklqana
Kikubaaqudgha
Makhleb
Nemelex Xobeh
Okawaru
Qazlal
Sif Muna
Trog
Wu Jian
Xom
Zin
The Shining One

Shops:
D:6 *[=%=

Annotations:
D:7 2 transporters


Innate Abilities, Weirdness & Mutations

You can breathe wild blasts of lightning.
Your glossy black scales are hard. (AC +7)
You cannot fit into any form of body armour.
You are resistant to electric shocks. (rElec)
You are cold-blooded and may be slowed by cold attacks.


Message History

The brown ugly thing is lightly wounded.
The wyvern zombie bites you!
* * * LOW HITPOINT WARNING * * *
The brown ugly thing barely misses you. The orc closely misses you.
Unknown command.
You shred the brown ugly thing!!!
The brown ugly thing is severely wounded.
The wyvern zombie misses you. The orc closely misses you.
The brown ugly thing tentacle-slaps you.
* * * LOW HITPOINT WARNING * * *
You are splashed with acid!
The acid burns!
* * * LOW HITPOINT WARNING * * *
You hit the brown ugly thing. You tail-slap the brown ugly thing.
The brown ugly thing is almost dead.
The wyvern zombie barely misses you. The orc hits you with a hand axe.
* * * LOW HITPOINT WARNING * * *
The hippogriff barely misses you. The hippogriff pecks you.
* * * LOW HITPOINT WARNING * * *
The hippogriff claws you!
You die...

#####.....##.### ..
##. #...#....## ##
#.##..###....#.##.##
......#.###.#.####.#
..........#.### ###
#.........†..#
#....).......#.. .
#.....uo......... #
###..o@.......... .
#...Z)H......... .
#...............
..............###.
.............#.#
..#.#.........## .
##.###......# .#
##....# .. ..


You could see a brown ugly thing, a hippogriff, 2 orcs and a wyvern zombie.

Vanquished Creatures
  A fire giant (D:10)
  A two-headed ogre (D:10)
  An efreet (D:11)
  2 hippogriffs
  Sigmund (D:5)
  6 fire bats (D:10)
  A steam dragon (D:5)
  6 yaks (D:9)
  A hungry ghost (D:11)
  Edmund (D:5)
  3 wargs (D:9)
  Duvessa (D:5)
  An ice beast (D:7)
  3 sky beasts
  4 orc warriors
  A black bear (D:8)
  An eye of draining (D:10)
  A phantom (D:6)
  3 ogres
  3 centaurs
  2 necrophages (D:10)
  3 big kobolds
  2 crocodiles
  5 bullfrogs
  Dowan (D:5)
  3 scorpions
  9 wights
  3 killer bees (D:10)
  7 howler monkeys
  5 crimson imps
  2 bullfrog zombies (D:7)
  A quasit (D:10)
  3 jellies
  14 orc wizards
  8 orc priests
  9 hounds
  2 bullfrog skeletons
  2 centaur skeletons
  Natasha (thrice) (D:3)
  An iguana (D:11)
  7 worker ants
  3 hound skeletons
  2 worker ant zombies
  Robin (D:3)
  5 gnolls
  A howler monkey skeleton (D:9)
  11 adders
  4 shadow imps
  An ooze (D:7)
  An adder zombie (D:7)
  2 worms
  A dart slug (D:1)
  5 leopard geckos
  60 orcs
  4 ball pythons
  5 bats
  6 giant cockroaches
  13 goblins
  7 hobgoblins
  10 jackals
  22 kobolds
  3 quokkas
  10 frilled lizards
  A leopard gecko skeleton (D:7)
  A quokka zombie (D:6)
  9 rats
  A plant (D:6)
323 creatures vanquished.

Vanquished Creatures (collateral kills)
  A hound (D:4)
  2 orc priests
  2 gnolls
  An adder (D:2)
  An ooze (D:2)
  2 worms (D:2)
  5 orcs
  A giant cockroach (D:5)
  2 goblins (D:2)
  A frilled lizard (D:2)
18 creatures vanquished.

Grand Total: 341 creatures vanquished

Notes
Turn   | Place    | Note
-------+----------+-------------------------------------------
     0 | D:1      | xccam the Draconian Transmuter began the quest for the Orb.
     0 | D:1      | Reached XP level 1. HP: 16/16 MP: 3/3
   273 | D:1      | Reached XP level 2. HP: 23/23 MP: 5/5
   280 | D:1      | Learned a level 2 spell: Sticks to Snakes
   949 | D:2      | Reached XP level 3. HP: 28/28 MP: 6/6
  1137 | D:2      | Reached XP level 4. HP: 30/35 MP: 7/7
  1517 | D:3      | Noticed Robin
  1650 | D:3      | Killed Robin
  1839 | D:3      | Reached XP level 5. HP: 40/40 MP: 8/8
  2201 | D:2      | Reached skill level 5 in Unarmed Combat
  2201 | D:2      | Reached skill level 3 in Transmutations
  2311 | D:3      | Found a sparkling altar of Nemelex Xobeh.
  2327 | D:3      | Noticed Natasha
  2341 | D:3      | Killed Natasha
  2348 | D:3      | Learned a level 5 spell: Blade Hands
  2431 | D:3      | Reached XP level 6. HP: 27/47 MP: 9/9
  2440 | D:3      | Noticed Natasha
  2453 | D:3      | Killed Natasha
  2503 | D:3      | Noticed Natasha
  2515 | D:3      | Killed Natasha
  2596 | D:4      | Reached skill level 4 in Transmutations
  2790 | D:4      | Found a shadowy altar of Dithmenos.
  2929 | D:4      | Your scales start taking on a glossy black colour.
  2929 | D:4      | Reached XP level 7. HP: 43/52 MP: 5/12
  2929 | D:4      | Gained mutation: You are resistant to electric shocks. (rElec) [Black Draconian growth]
  3277 | D:5      | Entered Level 5 of the Dungeon
  3372 | D:5      | Noticed Dowan
  3372 | D:5      | Noticed Duvessa
  3399 | D:5      | Killed Duvessa
  3399 | D:5      | Reached skill level 5 in Transmutations
  3410 | D:5      | Killed Dowan
  3705 | D:5      | Noticed Edmund
  3758 | D:5      | Killed Edmund
  3758 | D:5      | Reached XP level 8. HP: 24/59 MP: 9/15
  3842 | D:5      | Reached skill level 5 in Spellcasting
  3842 | D:5      | Reached skill level 6 in Transmutations
  3871 | D:5      | Noticed Sigmund
  3894 | D:5      | Killed Sigmund
  3916 | D:5      | Found a staircase to the Ecumenical Temple.
  3923 | Temple   | Entered the Ecumenical Temple
  3948 | Temple   | Became a worshipper of Warmaster Okawaru
  4352 | D:6      | Found Ziekunwo's Assorted Antiques.
  4488 | D:6      | Bought a potion of heal wounds for 160 gold pieces
  4749 | D:6      | Found Efoculon's Jewellery Shop.
  4762 | D:6      | Found Xexzepp's Armour Boutique.
  4777 | D:6      | Bought a scarf of repulsion for 156 gold pieces
  4833 | D:6      | Found Eceut's Jewellery Emporium.
  4854 | D:6      | Found Bomeha's Food Shop.
  4983 | D:6      | Reached skill level 7 in Transmutations
  5253 | D:6      | Found a shattered altar of Ashenzari.
  5667 | D:7      | Found a snail-covered altar of Cheibriados.
  5722 | D:7      | Reached XP level 9. HP: 19/64 MP: 7/19
  5829 | D:7      | Found a transporter.
  5829 | D:7      | Found a transporter.
  5912 | D:7      | Reached * piety under Okawaru
  6106 | D:7      | Reached skill level 8 in Transmutations
  6345 | D:8      | Found an opulent altar of Gozag.
  6793 | D:8      | Reached ** piety under Okawaru
  6964 | D:8      | Found a burning altar of Makhleb.
  7120 | D:8      | Found a deep blue altar of Sif Muna.
  7805 | D:9      | Reached skill level 9 in Transmutations
  7862 | D:9      | Found a hazy altar of Hepliaklqana.
  7877 | D:9      | Found a staircase to the Orcish Mines.
  7920 | D:9      | Reached *** piety under Okawaru
  7941 | D:9      | Reached XP level 10. HP: 71/71 MP: 14/22
  8153 | D:9      | Found a staircase to the Lair.
  8691 | D:9      | Reached **** piety under Okawaru
  8703 | D:9      | Reached skill level 10 in Transmutations
  9176 | D:10     | Entered Level 10 of the Dungeon
  9204 | D:10     | Noticed a fire giant
  9205 | D:10     | Found the +7 great mace "Firestarter" {inner flame, rF++}
  9236 | D:10     | Killed a fire giant
  9236 | D:10     | Reached ***** piety under Okawaru
  9341 | D:10     | Reached XP level 11. HP: 37/77 MP: 24/24
  9600 | D:10     | Got a crude platinum ring
  9882 | D:10     | Noticed a two-headed ogre
 10004 | D:10     | Killed a two-headed ogre
 10540 | D:11     | Reached skill level 11 in Transmutations
 10676 | D:11     | Reached skill level 1 in Invocations
 10741 | D:11     | Noticed a brown ugly thing
 10754 | D:11     | Slain by a hippogriff

Vault maps used:
D:1:      kennysheep_arrival_seaside
D:3:      wad_river_or_something, old_standard_altar, uniq_robin, uniq_natasha
D:4:      cheibrodos_pilgrimage, first_ration, nicolae_dithmenos_shadow_blocks
D:5:      minmay_temple_entry_overgrown, uniq_duvessa, uniq_edmund, uniq_sigmund
D:6:      kennysheep_mini_moat, serial_shops, nicolae_shop_overgrown_old_shop,
          shop, shop, nicolae_shop_waterfront, shop_fountains,
          grunt_decor_one_mirror, minivault_27
D:7:      gammafunk_steamed_eel, overflow_temple_1_default
D:8:      kennysheep_mini, lemuel_round_altar, lemuel_coloured_pillars_altar
D:9:      lemuel_round_altar, erik_lair_orcish_takeover, orc_0_dummy
D:10:     minmay_firetagon
Temple:   eino_wide_crystal_templ

Skill      XL: |  1  2  3  4  5  6  7  8  9 10 11 |
---------------+----------------------------------+-----
Dodging        | 2 3 |  3.9
Unarmed Combat | 4 5 6 8 9 |  9.3
Transmutations | 3 4 5 7 9 10 11 | 11.0
Spellcasting   | 3 4 6 8 9 |  9.9
Invocations    | 1 |  1.3
Fighting       | |  1.4
Stealth        | |  0.3

Action                   |  1- 3 |  4- 6 |  7- 9 | 10-12 || total
-------------------------+-------+-------+-------+-------++-------
Melee: Unarmed           |   120 |   401 |   612 |   402 ||  1535
       Tailslap          |     9 |    42 |    89 |    51 ||   191
       Punch             |       |     5 |    11 |     7 ||    23
       Headbutt          |       |     2 |       |       ||     2
       Kick              |       |       |     6 |       ||     6
Throw: Tomahawk          |       |       |     6 |    12 ||    18
 Cast: Sticks to Snakes  |     5 |     9 |    18 |     4 ||    36
       Beastly Appendage |     1 |     1 |     2 |       ||     4
       Blade Hands       |       |       |    13 |    13 ||    26
Invok: Heroism           |       |       |       |     1 ||     1
 Abil: Breathe Lightning |       |       |     1 |     2 ||     3
Evoke: Wand              |       |       |     9 |       ||     9
  Use: Scroll            |       |     7 |     7 |     2 ||    16
       Potion            |       |     2 |     3 |     4 ||     9
 Stab: Sleeping          |     1 |       |     9 |     4 ||    14
       Distracted        |     1 |     1 |     3 |     1 ||     6
  Eat: Chunk             |     1 |     7 |    15 |    13 ||    36
       Ration            |       |       |     2 |     1 ||     3
Armor: Skin              |    43 |   108 |   162 |   106 ||   419
Dodge: Dodged            |    83 |   288 |   399 |   258 ||  1028
       Deflected         |       |       |     4 |    12 ||    16

Table legend:
 A = Spawn XP
 B = Non-spawn XP
 C = Spawn XP percentage of total XP
 D = Spawn monster count
 E = Non-spawn monster count
 F = Spawn count percentage of total count
 G = Total turns spent on level
                    A         B        C        D         E        F      G
               +---------+---------+-------+---------+---------+-------+---------
         Total |       0 |   14874 |   0.0 |       0 |     340 |   0.0 | 10754
               +---------+---------+-------+---------+---------+-------+---------
           D:1 |       0 |      31 |   0.0 |       0 |      18 |   0.0 |   905
           D:2 |       0 |     202 |   0.0 |       0 |      37 |   0.0 |   887
           D:3 |       0 |     224 |   0.0 |       0 |      37 |   0.0 |   752
           D:4 |       0 |     356 |   0.0 |       0 |      31 |   0.0 |   733
           D:5 |       0 |     978 |   0.0 |       0 |      16 |   0.0 |  1102
           D:6 |       0 |     571 |   0.0 |       0 |      18 |   0.0 |  1016
           D:7 |       0 |     829 |   0.0 |       0 |      23 |   0.0 |   870
           D:8 |       0 |    1385 |   0.0 |       0 |      40 |   0.0 |  1481
           D:9 |       0 |    3501 |   0.0 |       0 |      54 |   0.0 |  1483
          D:10 |       0 |    5434 |   0.0 |       0 |      38 |   0.0 |  1133
          D:11 |       0 |    1363 |   0.0 |       0 |      28 |   0.0 |   354
               +---------+---------+-------+---------+---------+-------+---------
